 Dungeon Crawl Stone Soup version 0.27.1-3-gb3d3a73c9e (webtiles) character file.

Game seed: 11724774081613270518

3182 horus123 the Covert (level 9, -1/45 HPs)
             Began as a Deep Elf Conjurer on Oct 18, 2021.
             Was an Elder of Dithmenos.
             Killed from afar by an electric eel (6 damage)
             ... with a bolt of electricity
             ... on level 8 of the Dungeon.
             The game lasted 00:25:58 (8349 turns).

horus123 the Covert (Deep Elf Conjurer)             Turns: 8349, Time: 00:25:59

Health: -1/45      AC:  5    Str:  4    XL:     9   Next: 64%
Magic:  21/23      EV: 16    Int: 27    God:    Dithmenos [****..]
Gold:   347        SH:  0    Dex: 13    Spells: 7/24 levels left

rFire    . . .     SeeInvis +   g - +3 dagger (venom)
rCold    . . .     Faith    +   (no shield)
rNeg     . . .     Spirit   .   y - +0 robe {Will+}
rPois    .         Reflect  .   (no helmet)
rElec    .         Harm     .   (no cloak)
rCorr    .         Rampage  .   v - +0 pair of gloves
Will     +....                  h - +1 pair of boots
Stlth    ++++++....             k - amulet of faith
HPRegen  0.15/turn              f - ring of see invisible
MPRegen  0.18/turn              u - +4 ring of evasion

@: wreathed by umbra
A: no striking features
a: Renounce Religion, Shadow Step


You were on level 8 of the Dungeon.
You worshipped Dithmenos.
Dithmenos was greatly pleased with you.
You visited 1 branch of the dungeon, and saw 8 of its levels.

You collected 347 gold pieces.

Inventory:

Hand Weapons
 d - a +0 spear of venom
 g - a +3 dagger of venom (weapon)
Missiles
 n - 5 throwing nets
Armour
 h - a +1 pair of boots (worn)
 v - a +0 pair of gloves (worn)
 y - a +0 robe of willpower (worn)
Magical Staves
 E - a staff of fire
Jewellery
 f - a ring of see invisible (left hand)
 j - a +6 ring of strength
 k - an amulet of faith (around neck)
 u - a +4 ring of evasion (right hand)
 w - a ring of fire
Wands
 A - a wand of polymorph (17)
 B - a wand of paralysis (6)
 D - a wand of iceblast (7)
 G - a wand of mindburst (12)
Scrolls
 a - a scroll of noise {unknown}
 o - 6 scrolls of teleportation
 q - a scroll of fear
 s - 3 scrolls of vulnerability
 x - a scroll of magic mapping
 z - 2 scrolls of amnesia
 F - 2 scrolls of identify
Potions
 b - 3 potions of haste
 c - a potion of curing {unknown}
 e - 2 potions of brilliance
 i - 2 potions of flight {unknown}
 l - 2 potions of might
 m - a potion of heal wounds {unknown}
 p - a potion of attraction {unknown}
 r - 2 potions of lignification {unknown}
 t - a potion of invisibility {unknown}
 C - a potion of cancellation {unknown}


   Skills:
 - Level 4.0 Short Blades
 - Level 2.8 Dodging
 - Level 9.7 Stealth
 - Level 8.4 Spellcasting
 - Level 6.2 Conjurations
 - Level 4.4 Hexes
 + Level 3.8 Transmutations
 - Level 6.1 Earth Magic


You had 7 spell levels left.
You knew the following spells:

 Your Spells              Type           Power      Damage    Failure   Level
a - Magic Dart            Conj           100%       1d8       1%          1
b - Searing Ray           Conj           90%        3d6       1%          2
c - Dazzling Flash        Conj/Hex       80%        N/A       1%          3
d - Fulminant Prism       Conj/Hex       20%        3d13      5%          4
e - Passwall              Tmut/Erth      31%        N/A       1%          2
f - Blade Hands           Tmut           16%        N/A       28%         5

Your spell library contained the following spells:

 Spells                   Type           Power      Damage    Failure   Level
 Slow                     Hex            35%        N/A       1%          2
 Static Discharge         Conj/Air       28%        N/A       2%          2
 Confusing Touch          Hex            35%        N/A       2%          3
 Conjure Flame            Conj/Fire      28%        6-21      4%          3
 Ignite Poison            Fire/Tmut/Pois 18%        N/A       9%          3
 Animate Armour           Summ/Erth      54%        N/A       14%         4
 Iskenderun's Mystic Bla  Conj/Tloc      28%        2d7       14%         4
 Sticky Flame             Conj/Fire      28%        2d5       14%         4
 Swiftness                Air            11%        N/A       16%         3
 Yara's Violent Unravell  Hex/Tmut       16%        3d8       26%         5
 Lightning Bolt           Conj/Air       14%        1d27      36%         5
 Iron Shot                Conj/Erth      22%        9d5       52%         6
 Invisibility             Hex            17%        N/A       77%         6
 Maxwell's Capacitive Co  Air            5%         ∞         100%        8


Dungeon Overview and Level Annotations

Branches:
Dungeon (8/15)             Temple (0/1) D:7
   Lair: D:8-11

Altars:
Dithmenos
Gozag

Portals:
Ossuary: D:8


Message History

The electric eel shoots out a bolt of lightning at you!
The bolt of electricity hits you!
The electric eel shoots out a bolt of lightning at you!
The bolt of electricity hits you!
Casting: Searing Ray (safe; 1% risk of failure)
Confirm with . or Enter, or press ? or * to list all spells.
Aiming: Searing Ray (safe; 1% risk of failure)
Press: ? - help, Shift-Dir - straight line, f - electric eel
Aim: an electric eel (water, umbra, 70% to hit)
The searing ray misses the electric eel. (Press . to maintain the ray.) Unknown command.
The electric eel shoots out a bolt of lightning at you!
The bolt of electricity hits the plant.
The plant begins to die.
The bolt of electricity misses you. The bolt of electricity hits you!
Casting: Searing Ray (safe; 1% risk of failure)
Confirm with . or Enter, or press ? or * to list all spells.
Aiming: Searing Ray (safe; 1% risk of failure)
Press: ? - help, Shift-Dir - straight line, f/p - electric eel
Aim: an electric eel (water, umbra, 70% to hit)
The searing ray hits the electric eel.
The electric eel is moderately wounded. (Press . to maintain the ray.)
The electric eel shoots out a bolt of lightning at you!
The bolt of electricity hits you!
* * * LOW HITPOINT WARNING * * *
The bolt of electricity hits the plant!
The plant begins to die.
Okay, then.
As you read the scroll of fear, it crumbles to dust.
You assume a fearsome visage.
The plant is unaffected. x10
The electric eel looks frightened!
A nearby plant withers and dies.
Cornered, the electric eel turns to fight!
The electric eel shoots out a bolt of lightning at you!
The bolt of electricity hits the plant!
The plant begins to die.
The bolt of electricity hits you.
* * * LOW HITPOINT WARNING * * *
The electric eel shoots out a bolt of lightning at you!
The bolt of electricity hits you.
You die...

#.##.##### #...# #........
#.....## #...######
#†####### #......#
#........# #.#
#.##...######...####>###.#
......................##†#
#......................(.#
#.##.......(..........#..#
#.##....#####...####.##.....
#.......# #...@....###.##...
#.##.##.# #...###### #.# ##
#.......# #...# #.#
.....########...## ...
....)# #.......####..#.#
###### ###.##P..P..P...#
#...##.#P.#..#..#
#.....;≈≈≈≈≈≈≈≈≈≈≈≈
#...#..............


You could see an electric eel.

Vanquished Creatures
  Maggie (D:7)
  Grinder (D:4)
  Sigmund (D:3)
  A wyvern (D:7)
  A water moccasin (D:6)
  2 ice beasts (D:6)
  3 necrophages
  3 ogres
  A centaur (D:6)
  2 bullfrogs
  2 wyvern zombies
  A scorpion (D:4)
  A water moccasin skeleton (D:7)
  4 killer bees (D:8)
  5 wights (D:7)
  A howler monkey (D:6)
  2 bullfrog zombies (D:6)
  A centaur zombie (D:7)
  A gnoll shaman (D:6)
  An orc priest (D:3)
  A centaur skeleton (D:5)
  2 hounds (D:4)
  A jelly (D:5)
  3 iguanas
  3 orc wizards (D:5)
  Terence (D:3)
  2 killer bee zombies (D:7)
  Robin (D:2)
  16 gnolls
  6 adders
  A shadow imp (D:5)
  A white imp (D:7)
  3 worms (D:2)
  5 dart slugs
  12 orcs
  8 endoplasms
  3 giant cockroaches
  14 goblins
  9 hobgoblins
  5 jackals
  3 quokkas
  5 ball pythons
  2 bats
  4 frilled lizards
  5 kobolds
  A rat (D:3)
152 creatures vanquished.

Vanquished Creatures (others)
  3 plants (D:8)
3 creatures vanquished.

Grand Total: 155 creatures vanquished

Notes
Turn   | Place    | Note
-------+----------+-------------------------------------------
     0 | D:1      | horus123 the Deep Elf Conjurer began the quest for the Orb.
     0 | D:1      | Reached XP level 1. HP: 10/10 MP: 6/6
    90 | D:1      | Reached skill level 5 in Conjurations
    90 | D:1      | Reached XP level 2. HP: 15/15 MP: 0/8
    98 | D:1      | Learned a level 2 spell: Searing Ray
   425 | D:1      | Reached XP level 3. HP: 19/19 MP: 7/9
   487 | D:1      | Learned a level 3 spell: Dazzling Flash
   708 | D:1      | Found a faded altar of an unknown god.
   733 | D:1      | Became a worshipper of Dithmenos the Shadowed
   733 | D:1      | Reached * piety under Dithmenos
  1631 | D:2      | Reached XP level 4. HP: 24/24 MP: 3/10
  1637 | D:2      | Noticed Robin
  1783 | D:2      | Killed Robin
  1848 | D:2      | Found an opulent altar of Gozag.
  1921 | D:2      | Reached ** piety under Dithmenos
  2354 | D:3      | Reached skill level 1 in Hexes
  2358 | D:3      | Noticed Sigmund
  2620 | D:3      | Killed Sigmund
  2621 | D:3      | Reached skill level 5 in Stealth
  2621 | D:3      | Reached XP level 5. HP: 28/28 MP: 4/11
  2621 | D:3      | Reached XP level 6. HP: 32/32 MP: 4/12
  2917 | D:3      | Reached skill level 6 in Stealth
  3173 | D:3      | Noticed Terence
  3180 | D:3      | Killed Terence
  3181 | D:3      | Reached skill level 1 in Short Blades
  3712 | D:3      | Learned a level 4 spell: Fulminant Prism
  3829 | D:4      | Reached skill level 7 in Stealth
  4033 | D:4      | Reached XP level 7. HP: 36/36 MP: 8/13
  4238 | D:4      | Reached skill level 8 in Stealth
  4349 | D:4      | Noticed Grinder
  4362 | D:4      | Killed Grinder
  4716 | D:4      | Reached *** piety under Dithmenos
  4821 | D:5      | Entered Level 5 of the Dungeon
  4823 | D:5      | Reached skill level 9 in Stealth
  4940 | D:5      | Reached XP level 8. HP: 41/41 MP: 9/14
  5119 | D:5      | Learned a level 2 spell: Passwall
  5794 | D:6      | Reached skill level 5 in Spellcasting
  6364 | D:6      | Reached **** piety under Dithmenos
  6449 | D:6      | Reached XP level 9. HP: 45/45 MP: 12/23
  6721 | D:7      | Noticed Maggie
  6728 | D:7      | Reached skill level 1 in Earth Magic
  6734 | D:7      | Killed Maggie
  6792 | D:7      | Found a staircase to the Ecumenical Temple.
  6906 | D:7      | Reached skill level 5 in Earth Magic
  7156 | D:7      | Reached skill level 1 in Transmutations
  7799 | D:8      | Found a sand-covered staircase.
  7806 | D:8      | Learned a level 5 spell: Blade Hands
  8349 | D:8      | Killed from afar by an electric eel

Illustrated notes

Levels and vault maps discovered:
D:1:      grunt_arrival_lava_bath, layout_basic,
          hellmonk_ecumenical_altar_blasted
D:2:      layout_loops_cross, basic_altar, uniq_robin
D:3:      layout_loops_ring, minivault_25, uniq_sigmund, uniq_terence
D:4:      layout_gridville, minmay_fractal_squares_gapless_5, uniq_grinder
D:5:      layout_rooms, columned_hall_lemuel, kennysheep_cross_room
D:6:      layout_loops_ring
D:7:      layout_loops_corners, temple_fountains, uniq_maggie
D:8:      layout_loops_cross, nicolae_elyvilon_temple_path,
          mainiacjoe_overflow_alcove_4, nicolae_ossuary_entry_monument,
          nrook_mini_vaults

Skill      XL: |  1  2  3  4  5  6  7  8  9 |
---------------+----------------------------+-----
Conjurations   | 5 6 |  6.2
Hexes          | 1 4 |  4.4
Stealth        | 5 7 9 |  9.7
Short Blades   | 1 3 4 |  4.0
Spellcasting   | 8 |  8.4
Earth Magic    | 6 |  6.1
Transmutations | 3 |  3.8
Dodging        | |  2.8

Action                   |  1- 3 |  4- 6 |  7- 9 || total
-------------------------+-------+-------+-------++-------
Melee: Dagger            |       |    36 |    63 ||    99
 Cast: Magic Dart        |    65 |    27 |    37 ||   129
       Searing Ray       |     2 |    14 |    33 ||    49
  Use: Scroll            |     2 |     4 |     6 ||    12
 Stab: Sleeping          |       |    12 |    14 ||    26
Armor: Robe              |       |    12 |    15 ||    27
Dodge: Dodged            |     5 |    28 |   102 ||   135
